 Dungeon Crawl Stone Soup version 0.28-a0-514-g0d7ab7f379 (webtiles) character file.

Game seed: 8377816287838453371

1036 Zdeegee the Covert (level 8, -4/48 HPs)
             Began as a Kobold Brigand on Sept 22, 2021.
             Was an Initiate of Gozag.
             Killed from afar by an orc wizard (6 damage)
             ... with a magic dart
             ... on level 6 of the Dungeon.
             The game lasted 00:15:00 (6207 turns).

Zdeegee the Covert (Kobold Brigand)                 Turns: 6207, Time: 00:15:00

Health: -4/48      AC:  6    Str:  6 (8)  XL:     8   Next: 48%
Magic:  8/8        EV: 19    Int: 10 (12) God:    Gozag
Gold:   289        SH:  0    Dex: 16 (19) Spells: 7/7 levels left

rFire   . . .      SeeInvis .   i - +1 rapier
rCold   . . .      Faith    .   (shield restricted)
rNeg    . . .      Spirit   .   f - +0 leather armour
rPois   .          Reflect  .   j - +0 helmet
rElec   .          Harm     .   c - +0 cloak
rCorr   .          Rampage  .   (no gloves)
Will    .....                   q - +0 pair of boots
Stlth   +++++.....              (no amulet)
HPRegen 0.16/turn               u - +4 ring of evasion
MPRegen 0.11/turn               (no ring)

@: mesmerised, hasted, very quick
A: small, no large weapons, nightstalker 3
a: Renounce Religion, Potion Petition, Call Merchant, Bribe Branch


You were on level 6 of the Dungeon.
You worshipped Gozag.
Gozag was aware of your devotion.
You visited 2 branches of the dungeon, and saw 7 of its levels.

You collected 369 gold pieces.
You paid 80 gold pieces to Gozag.

Inventory:

Hand Weapons
 a - a +2 dagger
 i - a +1 rapier (weapon)
Missiles
 d - 18 poisoned darts (quivered)
 e - 2 curare-tipped darts
 m - 7 atropa-tipped darts
Armour
 b - a +0 robe
 c - a +0 cloak (worn)
 f - a +0 leather armour (worn)
 j - a +0 helmet (worn)
 q - a +0 pair of boots (worn)
Jewellery
 u - a +4 ring of evasion (left hand)
Scrolls
 n - a scroll of magic mapping
Potions
 h - a potion of degeneration
 p - 2 potions of haste


   Skills:
 * Level 3.7 Fighting
 * Level 7.0 Short Blades
 + Level 2.2 Throwing
 + Level 1.5 Armour
 * Level 3.7 Dodging
 * Level 8.9 Stealth
 * Level 2.3 Hexes
 * Level 1.2 Ice Magic
 + Level 2.3 Evocations


You had 7 spell levels left.
You didn't know any spells.
Your spell library contained the following spells:

 Spells                   Type           Power      Damage    Failure   Level
 Freeze                   Ice            8%         1d3       34%         1
 Sandblast                Erth           0%         2d4       50%         1
 Passwall                 Tmut/Erth      0%         N/A       65%         2
 Sublimation of Blood     Necr           0%         N/A       65%         2
 Wereblood                Tmut           0%         N/A       65%         2
 Frozen Ramparts          Ice            4%         1d2       71%         3
 Dazzling Flash           Conj/Hex       4%         N/A       73%         3
 Stone Arrow              Conj/Erth      0%         3d7       86%         3
 Hailstorm                Conj/Ice       1%         3d3       99%         4
 Agony                    Necr           0%         N/A       100%        5
 Silence                  Hex/Air        1%         N/A       100%        5
 Summon Hydra             Summ           0%         N/A       100%        7


Dungeon Overview and Level Annotations

Branches:
Dungeon (6/15)             Temple (1/1) D:5

Altars:
Elyvilon
Gozag
Hepliaklqana
Qazlal
Ru
Trog
Uskayaw
Wu Jian
Xom
Yredelemnul
Zin
The Shining One

Annotations:
D:6 Maggie


Innate Abilities, Weirdness & Mutations

You are small and have problems with some larger weapons.
You are completely attuned to the shadows.


Message History

As you read the scroll labelled TAUFUS JIOQIPP, it crumbles to dust.
It is a scroll of enchant weapon.
Your +0 rapier glows red for a moment.
Maggie hits you from afar with a +0 halberd!
* * * LOW HITPOINT WARNING * * *
Unknown command.
This is a scroll of acquirement!
Something appears at your feet!
The orc wizard hits you but does no damage.
The orc warrior completely misses you.
Unknown command.
As you read the scroll labelled SOR NUNYATUCIW, it crumbles to dust.
The creatures around you are filled with an inner flame!
It was a scroll of immolation.
Maggie misses you.
The orc wizard hits you but does no damage.
The orc warrior completely misses you.
As you read the scroll labelled MUVISSAENIC, it crumbles to dust.
You hear a loud clanging noise!
It was a scroll of noise.
You hear a shout!
Something barely misses you. Maggie closely misses you.
You feel better.
The orc wizard gestures wildly while chanting.
The orc wizard flickers and vanishes!
The orc warrior closely misses you. Something hits you.
* * * LOW HITPOINT WARNING * * *
Unknown command.
Okay, then.
You feel as though your hastened speed will last longer.
Maggie hits you from afar with a +0 halberd.
* * * LOW HITPOINT WARNING * * *
Something hits you but does no damage. The orc warrior closely misses you.
You aren't carrying any items that you can evoke.
You miss something. Something barely misses you.
You hit something.
Flame seeps out of something.
Maggie misses you.
You hear some strange, mumbled words.
A magic dart appears from out of thin air!
The magic dart hits you.
You die...
Your body crumbles into a pile of gold.

........# #.......# ####.$.....#
#§§.$......# ##########
#####{§........# . .......
..@{@o§......###
####...##############..#.########
......o..........................
####...####@######...#.#.#.######
..###### #.# #...#.#.#.# ...^ [.#
#.######...#.#.#.#..### ..#
#.##.......#.#.#.#..... ..#
#.......#.o.#.#..#.. ###
#....#####..#.#@.#..


You could see Maggie (mesmerising, inner flame) and an orc warrior (inner
flame).

Vanquished Creatures
  Grinder (D:6)
  Menkaure (D:4)
  A black bear (D:5)
  2 phantoms (D:5)
  2 scorpions
  A water moccasin skeleton (D:5)
  A howler monkey (D:6)
  A bullfrog skeleton (D:5)
  A hound (D:5)
  An iguana (D:4)
  An orc wizard (D:5)
  A hound skeleton (D:5)
  3 gnolls (D:3)
  4 adders
  An ufetubus (D:5)
  An adder skeleton (D:5)
  4 worms
  2 dart slugs
  5 orcs
  6 bats
  9 endoplasms
  4 giant cockroaches
  8 goblins
  2 hobgoblins
  8 kobolds
  4 quokkas
  3 ball pythons
  6 rats
84 creatures vanquished.

Notes
Turn   | Place    | Note
-------+----------+-------------------------------------------
     0 | D:1      | Zdeegee the Kobold Brigand began the quest for the Orb.
     0 | D:1      | Reached XP level 1. HP: 12/12 MP: 1/1
   201 | D:1      | Reached XP level 2. HP: 17/17 MP: 2/2
   230 | D:1      | Reached skill level 6 in Stealth
   316 | D:1      | Found a faded altar of an unknown god.
   560 | D:1      | Reached XP level 3. HP: 20/21 MP: 3/3
  1420 | D:2      | Reached XP level 4. HP: 26/26 MP: 4/4
  1981 | D:3      | Found an ornate altar of the Wu Jian Council.
  2772 | D:3      | Reached skill level 1 in Evocations
  2774 | D:3      | Reached skill level 7 in Stealth
  2774 | D:3      | Reached XP level 5. HP: 31/31 MP: 5/5
  3504 | D:4      | Noticed Menkaure
  3508 | D:4      | Killed Menkaure
  3509 | D:4      | Reached skill level 1 in Hexes
  3509 | D:4      | Reached XP level 6. HP: 36/36 MP: 6/6
  3553 | D:4      | Identified the +1 chain mail "Zathysch" {rPois Str+4 Int+4}
  3958 | D:5      | Entered Level 5 of the Dungeon
  3995 | D:5      | Reached skill level 8 in Stealth
  3995 | D:5      | Reached XP level 7. HP: 40/40 MP: 7/7
  3999 | D:5      | Reached skill level 5 in Short Blades
  3999 | D:5      | Reached skill level 1 in Armour
  4239 | D:5      | Found a staircase to the Ecumenical Temple.
  4296 | Temple   | Entered the Ecumenical Temple
  4436 | Temple   | Became a worshipper of Gozag Ym Sagoz the Greedy
  5606 | D:5      | Reached XP level 8. HP: 46/46 MP: 8/8
  5800 | D:6      | Noticed Grinder
  5804 | D:6      | Killed Grinder
  5805 | D:6      | Reached skill level 1 in Ice Magic
  5888 | D:6      | Noticed Maggie
  6201 | D:6      | Identified a scroll of acquirement
  6201 | D:6      | Acquired the +2 pair of gloves of the Black Moon {Str+4
                  | Stlth+}
  6205 | D:6      | HP: 2/48 [Maggie (4)]
  6207 | D:6      | Killed from afar by an orc wizard

Illustrated notes

Levels and vault maps discovered:
D:1:      eino_arrival_cavern_e, layout_basic, chequers_ecumenical_altar_grove
D:2:      minmay_kobold_bridge, layout_basic, minmay_misc_feat_four_crosses
D:3:      layout_loops_ring, nzn_wu_jian_council_hall
D:4:      layout_cave_pods, uniq_menkaure
D:5:      layout_basic, minmay_temple_entry_fiery, kennysheep_diamond
D:6:      layout_basic, okawaru_gym_becter, mainiacjoe_overflow_cross_hatched,
          nrook_campfire, kennysheep_another_room, uniq_crazy_yiuf_cottage,
          uniq_maggie, uniq_prince_ribbit1, uniq_grinder
Temple:   jpeg_temple_clearing

Skill      XL: |  1  2  3  4  5  6  7  8 |
---------------+-------------------------+-----
Stealth        | 6 7 8 |  8.9
Short Blades   | 3 4 5 7 |  7.0
Dodging        | 2 3 |  3.7
Evocations     | 1 2 |  2.3
Hexes          | 1 2 |  2.3
Fighting       | 3 |  3.7
Armour         | 1 |  1.5
Ice Magic      | 1 |  1.2
Throwing       | |  2.2

Action                   |  1- 3 |  4- 6 |  7- 9 || total
-------------------------+-------+-------+-------++-------
Melee: Dagger            |     8 |       |       ||     8
       Rapier            |    53 |    70 |   137 ||   260
Throw: Dart              |       |       |     3 ||     3
  Use: Scroll            |       |     1 |     8 ||     9
       Potion            |       |       |     8 ||     8
 Stab: Sleeping          |    20 |    21 |     9 ||    50
Armor: Leather armour    |     8 |     6 |    48 ||    62
Dodge: Dodged            |    22 |    24 |   114 ||   160

Table legend: (Time is in decaauts)
 A = Elapsed time spent in this place.
 B = Non-inter-level travel time spent in this place.
 C = Inter-level travel time spent in this place.
 D = Time resting spent in this place.
 E = Time spent auto-exploring this place.
 F = Levels seen in this place.
 G = Mean time per level.
                   A        B        C        D        E       F      G
               +--------+--------+--------+--------+--------+-----+--------+
         Total |   6187 |   5874 |    313 |    733 |   4287 |   7 |  883.9 |
       Dungeon |   6031 |   5762 |    269 |    733 |   4188 |   6 | 1005.2 |
        Temple |    156 |    112 |     44 |      0 |     99 |   1 |  156.0 |
               +--------+--------+--------+--------+--------+-----+--------+

Top non-repeatable levels by time:
     D:5: 1341 daAuts
     D:4: 1257 daAuts
     D:3: 1174 daAuts
     D:2: 1096 daAuts
     D:1: 709 daAuts
     D:6: 452 daAuts
  Temple: 156 daAuts
